 Dungeon Sprint DCSS version 0.20.1-1-g8b1a95d (webtiles) character file.

6108 wojtek the Bludgeoner (level 10, -1/150 (151) HPs)
             Began as a Minotaur Fighter on Dec 30, 2017.
             Was a High Priest of Trog.
             Slain by a demonic crawler (4 damage)
             ... in the Dungeon (Sprint I: "Red Sonja").
             The game lasted 00:07:24 (1971 turns).

wojtek the Bludgeoner (Minotaur Fighter)            Turns: 1971, Time: 00:07:25

HP:   -1/150 (151)  AC: 11    Str: 29    XL:     10   Next: 58%
MP:   9/9           EV: 14    Int:  5    God:    Trog [*****.]
Gold: 1168          SH: 13    Dex: 10    Spells: 9/9 levels left

rFire    . . .     SeeInvis .   a - +0 flail
rCold    . . .     Gourm    .   c - +0 shield
rNeg     . . .     Faith    .   k - +2 scale mail {rPois}
rPois    +         Spirit   .   (helmet restricted)
rElec    .         Reflect  .   (no cloak)
rCorr    .         Harm     .   (no gloves)
MR       .....     NoTele   +   (no boots)
Stlth    ..........             (no amulet)
Regen    0.4/turn               (no ring)
MPRegen  0.2/turn               (no ring)

@: berserking, very quick
A: retaliatory headbutt, horns 2
a: Berserk, Trog's Hand, Brothers in Arms, Burn Spellbooks, Renounce Religion


You were in the Dungeon.
You worshipped Trog.
Trog was extremely pleased with you.
You were not hungry.

You visited 1 branch You collected 1231 gold pieces.
You spent 63 gold pieces at shops.

Inventory:

Hand Weapons
 a - a +0 flail (weapon)
Armour
 c - a +0 shield (worn)
 k - a +2 scale mail of poison resistance (worn)
Wands
 l - a wand of polymorph (5/24)
Potions
 b - 4 potions of curing
 d - a potion of might
 e - 2 potions of lignification {unknown}
 g - 3 potions of heal wounds
 h - 2 potions of haste
 i - 2 potions of magic
 j - a potion of berserk rage
 m - a potion of degeneration {unknown}
Comestibles
 f - 3 bread rations
 n - a royal jelly


   Skills:
 + Level 13.2 Fighting
 * Level 17.6 Maces & Flails
 + Level 13.3 Armour
 + Level 10.1 Dodging
 + Level 11.5 Shields


You had 9 spell levels left.
You didn't know any spells.

Dungeon Overview and Level Annotations

Branches:
Dungeon (1/1)

Altars:
Cheibriados
Dithmenos
Elyvilon
Fedhas
Gozag
Hepliaklqana
Kikubaaqudgha
Makhleb
Nemelex Xobeh
Okawaru
Qazlal
Ru
Sif Muna
Trog
Uskayaw
Vehumet
Xom
Yredelemnul
Zin
The Shining One
Jiyva
Lugonu

Shops:
D *:***%:([*!%:[([(


Innate Abilities, Weirdness & Mutations

You reflexively headbutt those who attack you in melee.
You have a pair of horns on your head.


Message History

You block the demonic crawler's attack. The demonic crawler hits you.
* * * LOW HITPOINT WARNING * * *
The demonic crawler misses you.
You closely miss the demonic crawler.
The demonic crawler is severely wounded.
You hit the demonic crawler.
The demonic crawler is severely wounded.
The demonic crawler misses you. You block the demonic crawler's attack.
The demonic crawler completely misses you.
You sock the demonic crawler!
The demonic crawler is almost dead.
You block the demonic crawler's attack.
The demonic crawler hits you but does no damage.
You block the demonic crawler's attack.
You sock the demonic crawler!
You kill the demonic crawler!
Trog accepts your kill.
Your shield and scale mail prevent you from hitting the demonic crawler.
The demonic crawler hits you.
You die...

##########################
#<.#..)..#..'..#__#..')..#
#..'[.#..').#§(§..s..#)..##+#
#..#####'#####s#__####...'..#
#..####..#...#@####.§#####..+
#..#__####..##[#≈§§§§#..# ##
#..#_____##'#§§)≈§≈§.§..#
#⌠⌠#_.∩...'..§_#≈§§§§#..#
####_..__##_.#'##'#####'###
#_____###'#§#)))(###.'.#
############.####'###.###.#
#∩........'...'.....'.∩##.#
###++++####...###########§#


You could see a demonic crawler.

Vanquished Creatures
  2 centaur warriors (D)
  A deep troll (D)
  An oklob plant (D)
  2 kobold demonologists (D)
  3 demonic crawlers (D)
  A hornet (D)
  A slime creature (D)
  Sigmund (D)
  2 redbacks (D)
  A yak (D)
  2 floating eyes (D)
  7 necrophages (D)
  An ogre (D)
  8 jellies (D)
  Ijyb (D)
  5 ballistomycetes (D)
39 creatures vanquished.

Vanquished Creatures (others)
  A hydra (D)
  Sonja (D)
  A merfolk siren (D)
  3 hornets (D)
  A floating eye (D)
  2 ballistomycete spores (D)
9 creatures vanquished.

Grand Total: 48 creatures vanquished

Notes
Turn   | Place    | Note
-------+----------+-------------------------------------------
     0 | D        | wojtek the Minotaur Fighter began the quest for the Orb.
     0 | D        | Reached XP level 1. HP: 19/19 MP: 0/0
     1 | D        | Noticed Ijyb
     5 | D        | Killed Ijyb
     5 | D        | Reached skill level 5 in Maces & Flails
     5 | D        | Reached XP level 2. HP: 28/28 MP: 1/1
     8 | D        | Noticed an ogre
    13 | D        | Killed an ogre
    13 | D        | Reached skill level 7 in Maces & Flails
    13 | D        | Reached XP level 3. HP: 11/38 MP: 2/2
    13 | D        | Reached XP level 4. HP: 13/45 MP: 3/3
   226 | D        | Noticed Sigmund
   235 | D        | Killed Sigmund
   235 | D        | Reached skill level 10 in Maces & Flails
   235 | D        | Reached XP level 5. HP: 45/53 MP: 4/4
   235 | D        | Reached XP level 6. HP: 52/61 MP: 5/5
   288 | D        | Found a burning altar of Makhleb.
   288 | D        | Found a viscous altar of Jiyva.
   288 | D        | Found a shimmering altar of Xom.
   288 | D        | Found a corrupted altar of Lugonu.
   288 | D        | Noticed a slime creature
   298 | D        | Killed a slime creature
   298 | D        | Reached skill level 11 in Maces & Flails
   298 | D        | Reached skill level 5 in Shields
   412 | D        | Found a deep blue altar of Sif Muna.
   414 | D        | Found a radiant altar of Vehumet.
   443 | D        | Found Qatyant's Book Emporium.
   443 | D        | Found an ancient bone altar of Kikubaaqudgha.
   443 | D        | Found a hazy altar of Hepliaklqana.
   443 | D        | Found a stormy altar of Qazlal.
   443 | D        | Found a hide-covered altar of Uskayaw.
   443 | D        | Found a blossoming altar of Fedhas.
   443 | D        | Found a bloodstained altar of Trog.
   443 | D        | Found an iron altar of Okawaru.
   443 | D        | Found a basalt altar of Yredelemnul.
   443 | D        | Found a glowing golden altar of the Shining One.
   443 | D        | Found a snail-covered altar of Cheibriados.
   443 | D        | Found a sacrificial altar of Ru.
   443 | D        | Found a glowing silver altar of Zin.
   443 | D        | Found a shadowy altar of Dithmenos.
   443 | D        | Found a white marble altar of Elyvilon.
   443 | D        | Noticed a yak
   451 | D        | Killed a yak
   451 | D        | Reached skill level 12 in Maces & Flails
   451 | D        | Reached XP level 7. HP: 64/70 MP: 6/6
   452 | D        | Found an opulent altar of Gozag.
   453 | D        | Found a sparkling altar of Nemelex Xobeh.
   458 | D        | Became a worshipper of Trog the Wrathful
   482 | D        | Noticed a kobold demonologist
   483 | D        | Noticed a kobold demonologist
   492 | D        | Noticed a chaos spawn
   494 | D        | Killed a kobold demonologist
   494 | D        | Reached * piety under Trog
   494 | D        | Reached skill level 10 in Fighting
   494 | D        | Reached skill level 13 in Maces & Flails
   494 | D        | Reached skill level 10 in Armour
   494 | D        | Reached skill level 5 in Dodging
   494 | D        | Reached XP level 8. HP: 78/79 MP: 7/7
   507 | D        | Killed a kobold demonologist
   523 | D        | Noticed a centaur warrior
   532 | D        | Killed a centaur warrior
   532 | D        | Reached ** piety under Trog
   532 | D        | Reached skill level 14 in Maces & Flails
   535 | D        | Noticed a hornet
   541 | D        | Noticed a centaur warrior
   541 | D        | Noticed an oklob plant
   546 | D        | Paralysed by a hornet for 2 turns
   550 | D        | Killed a hornet
   550 | D        | Reached XP level 9. HP: 30/89 MP: 8/8
   572 | D        | Killed a centaur warrior
   572 | D        | Reached skill level 15 in Maces & Flails
   906 | D        | Noticed a deep troll
   912 | D        | Killed a deep troll
   912 | D        | Reached skill level 10 in Shields
   926 | D        | Found Xivodej's Armour Emporium.
  1009 | D        | Killed an oklob plant
  1009 | D        | Reached *** piety under Trog
  1009 | D        | Reached skill level 16 in Maces & Flails
  1317 | D        | Reached XP level 10. HP: 82/99 MP: 9/9
  1384 | D        | Killed a merfolk siren
  1390 | D        | Killed a 12-headed hydra
  1407 | D        | Reached **** piety under Trog
  1474 | D        | Reached ***** piety under Trog
  1587 | D        | Received a gift from Trog
  1587 | D        | Reached skill level 17 in Maces & Flails
  1619 | D        | Found Taoffiugh's General Store.
  1619 | D        | Found Neoxzov's General Store.
  1619 | D        | Found Dylluux's Assorted Antiques.
  1621 | D        | Found Nostra Isiu's Food Emporium.
  1621 | D        | Found Sezerroq's Book Shop.
  1621 | D        | Found Xuphopp's Antique Weapon Shoppe.
  1621 | D        | Found Iffysopo's Antique Armour Boutique.
  1621 | D        | Found Qapn's Assorted Antiques.
  1621 | D        | Found Wuimuulu's Distillery.
  1621 | D        | Found Waudau's Food Shoppe.
  1625 | D        | Found Turiely's Book Boutique.
  1626 | D        | Found Xafuann's Weapon Emporium.
  1626 | D        | Found Liofuzes's Antique Armour Boutique.
  1627 | D        | Found Teshrud's Weapon Emporium.
  1630 | D        | Bought a potion of curing for 63 gold pieces
  1671 | D        | Noticed Sonja
  1725 | D        | Killed Sonja
  1885 | D        | Found Qinuneg's Assorted Antiques.
  1955 | D        | Reached skill level 10 in Dodging
  1965 | D        | HP: 7/150 [demonic crawler (6)]
  1965 | D        | HP: 3/150 [demonic crawler (4)]
  1971 | D        | Slain by a demonic crawler

Skill      XL: |  1  2  3  4  5  6  7  8  9 10 |
---------------+-------------------------------+-----
Fighting       | 4 6 8 9 10 11 12 13 | 13.2
Maces & Flails | 5 7 10 12 13 14 16 17 | 17.6
Armour         | 4 6 8 9 10 11 12 13 | 13.3
Dodging        | 4 5 7 8 10 | 10.1
Shields        | 5 7 8 10 11 | 11.5

Action                   |  1- 3 |  4- 6 |  7- 9 | 10-12 || total
-------------------------+-------+-------+-------+-------++-------
Melee: Flail             |     7 |    26 |    78 |   105 ||   216
       Headbutt          |     3 |     5 |    23 |    22 ||    53
Invok: Berserk           |       |       |       |     1 ||     1
Evoke: Wand              |       |       |     3 |       ||     3
  Use: Scroll            |       |       |     1 |       ||     1
       Potion            |       |       |     1 |       ||     1
  Eat: Meat ration       |       |       |     1 |       ||     1
Armor: Scale mail        |     2 |     3 |    15 |    20 ||    40
Dodge: Dodged            |     2 |     3 |    18 |    49 ||    72
Block: Shield            |     2 |     6 |    31 |    59 ||    98
